 Dungeon Crawl Stone Soup version 0.21.0 (webtiles) character file.

38 tidbits the Vexing (level 3, 7/28 HPs)
             Began as a Gnoll Arcane Marksman on Jan 6, 2018.
             Quit the game on level 4 of the Dungeon.
             The game lasted 00:02:55 (225 turns).

tidbits the Vexing (Gnoll Arcane Marksman)           Turns: 225, Time: 00:02:55

Health: 7/28       AC:  2    Str: 13    XL:     3   Next: 43%
Magic:  5/7        EV: 14    Int: 15    God:
Gold:   22         SH:  0    Dex: 15    Spells: 6/7 levels left

rFire    . . .     SeeInvis .   g - +0 whip
rCold    . . .     Gourm    .   (no shield)
rNeg     . . .     Faith    .   a - +0 robe
rPois    .         Spirit   .   (no helmet)
rElec    .         Reflect  .   (no cloak)
rCorr    .         Harm     .   (no gloves)
MR       .....                  (no boots)
Stlth    ++........             (no amulet)
HPRegen  0.09/turn              (no ring)
MPRegen  0.10/turn              (no ring)

@: no status effects
A: distributed training, fangs 1, strong nose
a: no special abilities


You were on level 4 of the Dungeon.
You were not hungry.

You visited 1 branch of the dungeon, and saw 4 of its levels.

You collected 22 gold pieces.

Inventory:

Hand Weapons
 g - a +0 whip (weapon)
 h - a +0 long sword
Missiles
 d - a throwing net (quivered) {!f}
Armour
 a - a +0 robe (worn)
Wands
 j - a wand of digging (14)
Scrolls
 e - a scroll of immolation {unknown}
 i - a scroll of identify {unknown}
Books
 b - a book of Debilitation

   Spells                             Type                      Level
   a - Corona                         Hexes                        1
   b - Slow                           Hexes                        2
   c - Inner Flame                    Hexes/Fire                   3
   d - Portal Projectile              Hexes/Translocation          3
   e - Cause Fear                     Hexes                        4
   f - Leda's Liquefaction            Hexes/Earth                  4
Comestibles
 f - 2 rations


   Skills:
 + Level 2.6 Fighting
 + Level 0.7 Short Blades
 + Level 0.7 Long Blades
 + Level 0.7 Axes
 + Level 0.7 Maces & Flails
 + Level 0.7 Polearms
 + Level 0.7 Staves
 + Level 0.7 Slings
 + Level 0.7 Bows
 + Level 0.7 Crossbows
 + Level 4.5 Throwing
 + Level 0.7 Armour
 + Level 4.5 Dodging
 + Level 0.7 Stealth
 + Level 0.7 Shields
 + Level 0.7 Unarmed Combat
 + Level 2.8 Spellcasting
 + Level 0.5 Conjurations
 + Level 5.4 Hexes
 + Level 0.5 Charms
 + Level 0.5 Summonings
 + Level 0.5 Necromancy
 + Level 0.5 Translocations
 + Level 0.5 Transmutations
 + Level 0.5 Fire Magic
 + Level 0.5 Ice Magic
 + Level 0.5 Air Magic
 + Level 0.5 Earth Magic
 + Level 0.5 Poison Magic
 + Level 0.9 Invocations
 + Level 0.7 Evocations


You had 6 spell levels left.
You knew the following spells:

 Your Spells              Type           Power        Failure   Level  Hunger
a - Corona                Hex            ###....      2%          1    #......


Dungeon Overview and Level Annotations

Branches:
Dungeon (4/15)
 Temple: D:4-7

Altars:

Annotations:
D:4 Natasha


Innate Abilities, Weirdness & Mutations

Your experience applies equally to all skills.
You have very sharp teeth.
Your uncanny sense of smell can sniff out nearby items.


Message History

The ball python bites you.
* * * LOW HITPOINT WARNING * * *
The ball python constricts you.
Throwing (i - inventory. (,) - cycle):
c - 3 javelins (quivered)
Press: ? - help, Shift-Dir - straight line, f/p - ball python
Aim: a ball python (severely wounded, constricting you, softly glowing)
You throw a javelin. The javelin hits the ball python!
You kill the ball python!
You hear a splash.
c - 4 javelins (gained 2)
You see here a ball python corpse.
There are no objects that can be picked up here. a ball python corpse You now have 22 gold pieces (gained 17).
You open the door.
There is an open door here.
Found a scroll labeled XEASEH UDGHI.
Found a stone staircase leading down.
i - a scroll labeled XEASEH UDGHI
Found 23 stones.
There is a stone staircase leading down here.
You climb downwards.
There is a stone staircase leading up here.
There is a stone staircase leading up here.
You open the door.
Found a robe.
There is an open door here.
You open the door.
You see here a robe.
You open the door.
Found a long silver wand.
There is an open door here.
j - a wand of digging (14)
A worker ant and a phantom come into view.
The worker ant twitches its antennae in your direction.
A frilled lizard and an iguana come into view.
The frilled lizard hisses angrily.
The phantom blinks!
Natasha, Servant of Life and Death comes into view.
Found a stone staircase leading down.
Casting: Corona
Confirm with . or Enter, or press ? or * to list all spells.
Aiming: Corona
Press: ? - help, Shift-Dir - straight line, f - worker ant
Aim: a worker ant (chance to defeat MR: 65%)
The worker ant barely resists.
Casting: Corona
Confirm with . or Enter, or press ? or * to list all spells.
Aiming: Corona
Press: ? - help, Shift-Dir - straight line, f/p - worker ant
Aim: a worker ant (chance to defeat MR: 65%)
The worker ant is outlined in light.
The worker ant barely misses you.
Okay, then.
Unknown command.
Fire/throw which item? (* to show all) (? for menu, Esc to quit)
Really fire
d - 2 throwing nets {!f}?
Press: ? - help, Shift-Dir - straight line, f/p - worker ant
Aim: a worker ant (softly glowing)
You throw a throwing net {!f}.
The throwing net {!f} hits the worker ant.
The worker ant is caught in the net!
The worker ant struggles against the net.
Throwing (i - inventory. (,) - cycle):
c - 4 javelins (quivered)
Press: ? - help, Shift-Dir - straight line, f - frilled lizard, p - worker ant
Aim: a frilled lizard You throw a javelin.
The javelin hits the worker ant.
The worker ant is lightly wounded.
The worker ant struggles against the net. x2
Throwing (i - inventory. (,) - cycle):
c - 3 javelins (quivered)
Press: ? - help, Shift-Dir - straight line, f/p - frilled lizard
Aim: a frilled lizard You throw a javelin.
The javelin hits the worker ant!
The worker ant is heavily wounded.
The worker ant struggles against the net. x2
Throwing (i - inventory. (,) - cycle):
c - 2 javelins (quivered)
Press: ? - help, Shift-Dir - straight line, f - phantom, p - frilled lizard
Aim: a phantom You throw a javelin.
The javelin completely misses the worker ant.
The javelin barely misses the phantom.
The worker ant struggles against the net.
Throwing (i - inventory. (,) - cycle):
c - a javelin (quivered)
Press: ? - help, Shift-Dir - straight line, f/p - phantom
Aim: a phantom You throw a javelin.
The javelin hits the worker ant!
You kill the worker ant!
You have reached level 3!
Your experience leads to an increase in your attributes!
Increase (S)trength, (I)ntelligence, or (D)exterity?
You feel stronger. The phantom hits you.
* * * LOW HITPOINT WARNING * * *
The phantom blinks!
You miss the phantom. You bite the phantom, but do no damage.
The phantom blinks!
You miss the phantom. The phantom hits you.
* * * LOW HITPOINT WARNING * * *
You aren't carrying any potions.
Unknown command.
Are you sure you want to abandon this character and quit the game? (Confirm with "yes".) hl..

### .l.. ..# #W..
#.# #... #.# .#
#....#.# #.#
##....#.##########
#.#
.........((.l@W.>#
#.#
.#####.#.########
#.# #.#.# ..#
####.#.#
########.##
#......#
#.........#
#......# ∆
#.######.##
#......# #.# #.#
#......#
#.######.#
∆#......#
#.#....#.#


You could see a phantom and a frilled lizard.

Vanquished Creatures
  A worker ant (D:4)
  An adder (D:2)
  A bat (D:2)
  A ball python (D:3)
  2 kobolds (D:1)
6 creatures vanquished.

Notes
Turn   | Place    | Note
-------+----------+-------------------------------------------
     0 | D:1      | tidbits the Gnoll Arcane Marksman began the quest for the Orb.
     0 | D:1      | Reached XP level 1. HP: 17/17 MP: 4/4
    44 | D:2      | Reached XP level 2. HP: 8/23 MP: 3/5
   208 | D:4      | Noticed a phantom
   210 | D:4      | Noticed Natasha
   220 | D:4      | Reached XP level 3. HP: 17/28 MP: 4/7
   225 | D:4      | Quit the game

Action                   || total
-------------------------++-------
Melee: Whip              ||     8
       Unarmed           ||     1
       Bite              ||     1
Throw: Javelin           ||    15
       Throwing net      ||     3
 Cast: Corona            ||     5
Armor: Robe              ||     7
Dodge: Dodged            ||    17

Table legend:
 A = Turns spent in this place as a percentage of turns spent in the entire game.
 B = Non-inter-level travel turns spent in this place as a percentage of non-inter-level travel turns spent in the entire game.
 C = Inter-level travel turns spent in this place as a percentage of turns spent in this place.
 D = Turns resting spent in this place as a percentage of non-inter-level travel turns spent in this place.
 E = Turns spent auto-exploring this place as a percentage of non-inter-level travel turns spent in this place.
 F = Non-inter-level travel turns spent in this place divided by the number of levels of this place that you've seen.
                   A       B       C       D       E      F
               +-------+-------+-------+-------+-------+----------------------
         Total | 100.0 | 100.0 |   0.0 |   0.0 |   0.0 |  56.2
       Dungeon | 100.0 | 100.0 |   0.0 |   0.0 |   0.0 |  56.2
               +-------+-------+-------+-------+-------+----------------------

Table legend:
 A = Kills in this place as a percentage of kills in entire the game.
 B = Kills by you in this place as a percentage of kills by you in the entire game.
 C = Kills by friends in this place as a percentage of kills by friends in the entire game.
 D = Other kills in this place as a percentage of other kills in the entire game.
 E = Experience gained in this place as a percentage of experience gained in the entire game.
 F = Experience gained in this place divided by the number of levels of this place that you have seen.
                   A       B       C       D       E      F
               +-------+-------+-------+-------+-------+----------------------
         Total | 100.0 | 100.0 |   N/A |   N/A | 100.0 |  13.8
       Dungeon | 100.0 | 100.0 |   N/A |   N/A | 100.0 |  13.8
               +-------+-------+-------+-------+-------+----------------------

Vault maps used:
D:1:      lightli_arrival_noodles
D:2:      minmay_pentomino_t4
D:3:      minitemple, first_ration, saegor_snake_ambush
D:4:      uniq_natasha
